 Dungeon Crawl Stone Soup version 0.30.1-9-gdf580d7c3d (webtiles) character file.

Game seed: 1020661096955221944

459 monsoonserge the Covered (level 6, -1/47 HPs)
             Began as a Demonspawn Warper on Oct 6, 2023.
             Was a Follower of Kikubaaqudgha.
             Splashed by a jelly's acid (9 damage)
             ... on level 4 of the Dungeon.
             The game lasted 00:17:51 (3443 turns).

monsoonserge the Covered (Demonspawn Warper)        Turns: 3443, Time: 00:17:52

Health: -1/47      AC: -3    Str: 11    XL:     6   Next: 78%
Magic:  4/10       EV: 12    Int: 16    God:    Kikubaaqudgha [*.....]
Gold:   238        SH:  0    Dex: 13    Spells: 6/11 levels left

rFire   . . .        a - +0 falchion
rCold   . . .        (no shield)
rNeg    . . .        s - +0 ring mail
rPois   .            u - +0 helmet
rElec   .            A - +0 cloak
rCorr   .            (no gloves)
SInv    .            (no boots)
Will    .....        (no amulet)
Stlth   +            p - +4 ring of slaying
HPRegen 0.27/turn    (no ring)
MPRegen 0.12/turn

%: no passive effects
@: corroded, on blink cooldown
A: sturdy frame 2, demonic magic 2, demonic touch 1
a: Renounce Religion, Unearth Wretches


You were on level 4 of the Dungeon.
You worshipped Kikubaaqudgha.
Kikubaaqudgha was aware of your devotion.
You visited 1 branch of the dungeon, and saw 4 of its levels.
You also visited: Sewer.

You collected 238 gold pieces.

Inventory:

Hand Weapons
 a - a +0 falchion (weapon)
 m - a +0 dagger
Missiles
 d - 7 boomerangs of dispersal (quivered)
 g - 2 throwing nets
 o - 4 atropa-tipped darts
 x - 11 poisoned darts
 z - 7 boomerangs
Armour
 b - a +0 leather armour
 s - a +0 ring mail (worn)
 t - a +0 scale mail
 u - a +0 helmet (worn)
 v - a +0 chain mail
 A - a +0 cloak (worn)
 G - a scarf of invisibility
Jewellery
 p - a +4 ring of slaying (left hand)
Wands
 w - a wand of quicksilver (12)
Scrolls
 c - 2 scrolls of blinking
 e - 3 scrolls of teleportation {unknown}
 f - a scroll of enchant weapon {unknown}
 j - a scroll of enchant armour
 k - a scroll of fear {unknown}
 y - a scroll of fog {unknown}
 B - a scroll of immolation {unknown}
 D - a scroll of acquirement {unknown}
 E - a scroll of vulnerability {unknown}
 F - a scroll of magic mapping {unknown}
Potions
 h - 2 potions of might {unknown}
 i - 7 potions of flight
 l - 3 potions of heal wounds
 n - a potion of resistance
 q - 2 potions of curing {unknown}
 r - a potion of haste {unknown}
 C - a potion of attraction {unknown}
 H - a potion of mutation


   Skills:
 + Level 3.0 Fighting
 * Level 2.0(2.4) Short Blades
 - Level 2.0(2.4) Long Blades
 + Level 0.8 Throwing
 * Level 4.0 Armour
 + Level 2.4 Dodging
 * Level 0.3 Unarmed Combat
 - Level 3.0 Spellcasting
 * Level 1.9 Necromancy
 - Level 3.0 Translocations


You had 6 spell levels left.
You knew the following spells:

 Your Spells              Type           Power      Damage    Failure   Level
a - Blink                 Tloc           24%        N/A       10%         2
b - Necrotise             Necr           32%        1d5       10%         1
c - Sublimation of Blood  Necr           8%         N/A       14%         2

Your spell library contained the following spells:

 Spells                   Type           Power      Damage    Failure   Level
 Apportation              Tloc           24%        N/A       6%          1
 Lesser Beckoning         Tloc           24%        N/A       10%         2
 Kiss of Death            Conj/Necr      20%        2d7       14%         1
 Teleport Other           Tloc           12%        N/A       19%         3
 Summon Small Mammal      Summ           8%         N/A       22%         1
 Cigotuvi's Dreadful Rot  Necr/Pois/Air  8%         N/A       26%         2
 Ensorcelled Hibernation  Hex/Ice        4%         N/A       32%         2
 Passwall                 Tmut/Erth      1%         N/A       32%         2
 Vhi's Electric Charge    Tloc/Air       14%        N/A       34%         3
 Manifold Assault         Tloc           12%        N/A       52%         4
 Swiftness                Air            2%         N/A       54%         3


Dungeon Overview and Level Annotations

Branches:
Dungeon (4/15)              Sewer (visited)
 Temple: D:4-7

Altars:
Kikubaaqudgha

Shops:
D:2 :   D:3 *![

Annotations:
D:3 Sigmund
D:4 Eustachio


Innate Abilities, Weirdness & Mutations

Your movements are less encumbered by armour. (ER -4)
Spells you cast may paralyse nearby enemies.
Your touch may inflict minor irresistible damage on your foes.


Message History

Aim: an orc, wielding a +0 dagger (lightly wounded, chance to affect: 75%)
The orc writhes in agony.
Malevolent energies surge around you.
The orc suddenly stops moving!
The jelly misses you.
Unknown command.
The helpless orc fails to defend itself.
You hit the orc but do no damage.
You touch the orc.
You kill the orc!
Kikubaaqudgha accepts your kill. The gnoll closely misses you.
The jelly hits you.
You are splashed with acid.
The orc closely misses you. The jelly barely misses you.
Casting: Necrotise (safe; 10% risk of failure)
Confirm with . or Enter, or press ? or * to list all spells.
Aiming: Necrotise (safe; 10% risk of failure)
Press: ? - help, Shift-Dir - straight line, f/p - orc
Aim: an orc, wielding a +0 dagger (lightly wounded, chance to affect: 75%)
The orc writhes in agony.
Malevolent energies surge around you.
The orc suddenly stops moving!
The gnoll suddenly stops moving!
The jelly hits you. The acid corrodes you!
You are splashed with acid!
The helpless orc fails to defend itself.
You hit the orc.
You touch the orc.
You kill the orc!
Kikubaaqudgha accepts your kill.
The gnoll hits you from afar with a +0 spear.
The jelly hits you.
You are splashed with acid!
* * * LOW HITPOINT WARNING * * *
An orc comes into view. It is wielding a +0 hand axe.
The gnoll is no longer paralysed.
Casting: Necrotise (safe; 10% risk of failure)
Confirm with . or Enter, or press ? or * to list all spells.
You blink.
Malevolent energies surge around you.
Your magical contamination has completely faded away.
You see here a +0 robe.
Casting: Blink (safe; 10% risk of failure)
Confirm with . or Enter, or press ? or * to list all spells.
You are still too unstable to blink.
The jelly attacks as you move away! The jelly hits you.
* * * LOW HITPOINT WARNING * * *
The acid corrodes you!
You are splashed with acid!
You die...
Kikubaaqudgha rasps: "You have failed me!
Welcome... death!"

##'###.############
##'###.............
#...####...########
#...#......+
#...#.##...#######
#...#....(<.......
#...#..##.########
#...#.. #.. #.@.#.
#### #[J.#. #.o.# #
#..g## # ##..g# # #
###)###.###. ..#
#g........ #..
#o......[.... ..
#o######.#### .#


You could see a jelly, 3 gnolls and an orc.

Vanquished Creatures
  An ogre (D:4)
  2 scorpions (D:4)
  3 gnolls (D:3)
  5 adders
  7 river rats
  2 ufetubi (D:4)
  4 worms
  3 dart slugs
  8 orcs
  7 endoplasms
  6 giant cockroaches
  A goblin (D:4)
  8 hobgoblins
  A jackal (Sewer)
  3 quokkas
  8 ball pythons
  8 bats
  5 frilled lizards
  3 kobolds
  8 rats
93 creatures vanquished.

Vanquished Creatures (collateral kills)
  A bat (Sewer)
1 creature vanquished.

Grand Total: 94 creatures vanquished

Notes
Turn   | Place    | Note
-------+----------+-------------------------------------------
     0 | D:1      | monsoonserge the Demonspawn Warper began the quest for the
                  | Orb.
     0 | D:1      | Reached XP level 1. HP: 16/16 MP: 3/3
     3 | D:1      | Noticed an electric eel
     8 | D:1      | Noticed an electric eel
   101 | D:1      | Gained mutation: Spells you cast may paralyse adjacent
                  | enemies. [demonic ancestry]
   101 | D:1      | Reached XP level 2. HP: 6/22 MP: 5/5
   104 | D:1      | Learned a level 2 spell: Blink
   186 | D:1      | Reached skill level 1 in Armour
   610 | D:2      | Found Qysk's Book Emporium.
   853 | D:2      | Gained mutation: Spells you cast may paralyse nearby
                  | enemies. [demonic ancestry]
   853 | D:2      | Reached XP level 3. HP: 28/28 MP: 6/6
  1690 | D:3      | Reached skill level 1 in Short Blades
  1918 | D:3      | Learned a level 1 spell: Necrotise
  1946 | D:3      | Noticed Sigmund
  2046 | D:3      | Found Woacs's Antique Armour Shoppe.
  2057 | D:3      | Gained mutation: Your movements are slightly less
                  | encumbered by armour. (ER -2) [demonic ancestry]
  2057 | D:3      | Reached XP level 4. HP: 29/34 MP: 7/7
  2060 | D:3      | Reached skill level 2 in Armour
  2081 | D:3      | Found Xusadir's Distillery.
  2105 | D:3      | Found Patulug's Assorted Antiques.
  2232 | D:4      | Noticed Eustachio
  2232 | D:4      | Noticed an ogre
  2239 | D:4      | Killed an ogre
  2240 | D:4      | Reached skill level 1 in Necromancy
  2240 | D:4      | Gained mutation: Your touch may inflict minor irresistible
                  | damage on your foes. [demonic ancestry]
  2240 | D:4      | Reached XP level 5. HP: 30/39 MP: 6/8
  2323 | D:4      | Found an ancient bone altar of Kikubaaqudgha.
  2328 | D:4      | Became a worshipper of Kikubaaqudgha
  2460 | D:3      | Reached skill level 3 in Armour
  2612 | D:4      | Gained mutation: Your movements are less encumbered by
                  | armour. (ER -4) [demonic ancestry]
  2612 | D:4      | Reached XP level 6. HP: 42/46 MP: 9/9
  2647 | D:4      | Identified the +0 broad axe of Diet Blood {flame, rN++
                  | Str-3 Int+2}
  2752 | D:4      | Found a glowing drain.
  2763 | Sewer    | Entered a sewer
  2876 | Sewer    | Reached * piety under Kikubaaqudgha
  2876 | Sewer    | Received a gift from Kikubaaqudgha
  2883 | Sewer    | Learned a level 2 spell: Sublimation of Blood
  3070 | Sewer    | Reached skill level 4 in Armour
  3443 | D:4      | Splashed by a jelly's acid

Illustrated notes

Levels and vault maps discovered:
D:1:      arrival_aquarium_b, layout_rooms
D:2:      cheibrodos_old_hovel, layout_basic, serial_shops, shop,
          minmay_split_cup_small
D:3:      layout_loops_cross, serial_shops, shop, nicolae_shop_dealshenge,
          nicolae_shop_rolling_square, uniq_sigmund
D:4:      layout_basic, mainiacjoe_overflow_six_doors_small,
          portal_sewer_entry_e, supply_closet_lemuel, uniq_eustachio

Skill      XL: |  1  2  3  4  5  6 |
---------------+-------------------+-----
Long Blades    | 2 |  2.0
Translocations | 3 |  3.0
Armour         | 1 2 3 4 |  4.0
Dodging        | 2 |  2.4
Short Blades   | 1 2 |  2.0
Necromancy     | 1 |  1.9
Fighting       | 3 |  3.0
Spellcasting   | 3 |  3.0
Throwing       | |  0.8
Unarmed Combat | |  0.3

Action                     |  1- 3 |  4- 6 || total
---------------------------+-------+-------++-------
  Melee: Falchion          |   107 |   104 ||   211
         Punch             |     1 |       ||     1
         Touch             |       |    15 ||    15
   Cast: Blink             |     1 |     1 ||     2
         Necrotise         |       |    40 ||    40
    Use: Scroll            |       |     5 ||     5
   Stab: Paralysed         |       |    26 ||    26
 Armour: Leather armour    |    12 |       ||    12
         Ring mail         |    14 |    50 ||    64
  Dodge: Dodged            |    56 |    90 ||   146
